 Dungeon Crawl Stone Soup version 0.31-a0-1082-g7d1fb776a8 (webtiles) character file.

Game seed: 937863783518764136

1141 Flugslaktarn the Changeling (level 8, -1/54 HPs)
             Began as an Octopode Shapeshifter on Nov 28, 2023.
             Slain by an orc warrior
             ... wielding a +0 flail
              (15 damage)
             ... on level 6 of the Dungeon.
             The game lasted 00:03:20 (5234 turns).

Flugslaktarn the Changeling (Octopode Shapeshifter) Turns: 5234, Time: 00:03:20

Health: -1/54      AC:  1    Str: 13    XL:     8   Next: 37%
Magic:  8/8        EV: 15    Int: 13    God:
Gold:   367        SH:  0    Dex: 19    Spells: 7/7 levels left

rFire   + .          .
                       - Unarmed
rCold   . . .        (shield currently unavailable)
rNeg    . . .        (helmet restricted)
rPois   .            (no amulet)
rElec   .            m - +6 ring of dexterity
rCorr   .            f - ring of protection from fire
SInv    .            k - ring of flight
Will    .....        (no ring)
Stlth   +            (no ring)
HPRegen 0.29/turn    (no ring)
MPRegen 0.11/turn    (no ring)
                     (no ring)

%: no passive effects
@: lethally poisoned (-1 -> -7), flux-form, flying, glowing
A: glow, contaminating, almost no armour, amphibious, 8 rings, camouflage 1,
gelatinous body 1, (nimble swimmer 1), tentacles
a: Begin Untransformation


You were on level 6 of the Dungeon.
You were something dangerously unstable.
You visited 2 branches of the dungeon, and saw 7 of its levels.

You collected 367 gold pieces.

Inventory:

Jewellery
 f - a ring of protection from fire (right tentacle)
   (You found it on level 4 of the Dungeon)
 k - a ring of flight (on tentacle)
   (You found it on level 4 of the Dungeon)
 m - a +6 ring of dexterity (left tentacle)
   (You found it on level 1 of the Dungeon)
Talismans
 b - a beast talisman
 c - a flux talisman (active)
Wands
 l - a wand of mindburst (8)
   (You found it on level 4 of the Dungeon)
Scrolls
 e - a scroll of blinking {unknown}
 g - a scroll of vulnerability
 h - a scroll of immolation
 i - a scroll of revelation
 j - a scroll of acquirement {unknown}
 o - a scroll of enchant armour {unknown}
 t - a scroll of teleportation
Potions
 a - 3 potions of lignification
 d - 3 potions of might
 n - a potion of ambrosia {unknown}
 p - a potion of magic {unknown}


   Skills:
 + Level 3.9 Fighting
 + Level 4.3 Dodging
 + Level 4.9 Unarmed Combat
 - Level 7.0 Shapeshifting


You had 7 spell levels left.
You didn't know any spells.
Your spell library was empty.

Dungeon Overview and Level Annotations

Branches:
Dungeon (6/15)             Temple (1/1) D:6

Altars:
Dithmenos
Elyvilon
Fedhas
Gozag
Hepliaklqana
Kikubaaqudgha
Makhleb
Nemelex Xobeh
Okawaru
Sif Muna
Uskayaw
Vehumet
Wu Jian
Xom
Yredelemnul
Zin

Annotations:
D:1 1 transporter


Innate Abilities, Weirdness & Mutations

You are something dangerously unstable.
You glow with magical radiation, making you easy to see and hit.
Foes you strike become dangerously contaminated with magical radiation.
You are incapable of wielding weapons or throwing items.
You cannot wear most types of armour.
You are amphibious.
You can wear up to eight rings at the same time.
Your skin changes colour to match your surroundings (Stealth+).
Your rubbery body absorbs attacks. (AC +1, EV +1)
((You are camouflaged when in or above water. (Stealth+)))
You have tentacles for arms and can constrict up to eight enemies at once.


Message History

Unknown command.
Okay, then.
You feel much better.
You constrict the iguana. The centaur barely misses you.
The centaur misses you. The iguana bites you.
You tentacle-slap the centaur.
The centaur shudders as magic cascades through it!
You kill the centaur!
You constrict the iguana. The iguana bites you.
You tentacle-slap the iguana.
The iguana glows dangerously bright.
You squeeze the iguana.
You kill the iguana!
Your Dodging skill increases to level 4!
There is an open door here.
You start resting.
HP restored.
You start waiting.
Done waiting.
There is an open door here.
Found a long sword.
You see here a +0 long sword.
A hound comes into view.
The hound barks!
The hound moves out of view.
A hound is nearby!
Found 16 gold pieces.
The hound barely misses you. The hound bites you.
You closely miss the hound. Your grab misses the hound.
Your squeeze misses the hound. The hound bites you.
You tentacle-slap the hound.
The hound begins to glow.
Your grab misses the hound.
The hound is lightly wounded.
The hound bites you.
You tentacle-slap the hound.
The hound glows dangerously bright.
You grab the hound.
The hound is moderately wounded.
You constrict the hound. The hound bites you. x2
You tentacle-slap the hound.
The hound shudders as magic cascades through it!!
You kill the hound!
No target in view!
No target in view!
A water moccasin comes into view.
A water moccasin is nearby!
A water moccasin is nearby!
The water moccasin hisses angrily.
You hear a shout!
The water moccasin barely misses you.
An orc comes into view. It is wielding a +0 whip.
The water moccasin misses you.
You see here Atzev's Volume of Scintillating Minerals.
You tentacle-slap the water moccasin but do no damage.
The water moccasin begins to glow.
You grab the water moccasin.
You squeeze the water moccasin, but do no damage.
You constrict the water moccasin. The water moccasin bites you!
You tentacle-slap the water moccasin but do no damage.
The water moccasin glows dangerously bright.
You squeeze the water moccasin.
The water moccasin is lightly wounded.
You constrict the water moccasin. The water moccasin bites you.
You are poisoned.
The water moccasin poisons you!
You tentacle-slap the water moccasin.
The water moccasin shudders as magic cascades through it!
The water moccasin twists and deforms.
The water moccasin is heavily wounded.
You constrict the water moccasin.
You feel very sick. The water moccasin barely misses you.
The orc barely misses you.
An orc warrior comes into view. It is wielding a +0 flail.
The water moccasin bites you.
You are more poisoned.
The water moccasin poisons you!
The orc warrior shouts!
You tentacle-slap the water moccasin.
The water moccasin begins to glow.
The water moccasin is severely wounded.
You constrict the water moccasin.
You feel very sick.
You hear a shout!
The orc hits you with a +0 whip. The water moccasin barely misses you.
You tentacle-slap the water moccasin.
The water moccasin glows dangerously bright.
You squeeze the water moccasin.
You kill the water moccasin!
You feel sick. The orc hits you but does no damage.
There are monsters nearby!
You tentacle-slap the orc warrior but do no damage.
The orc warrior begins to glow.
You grab the orc warrior.
You constrict the orc warrior, but do no damage.
You feel sick. The orc closely misses you.
The orc warrior hits you with a +0 flail!
* * * LOW HITPOINT WARNING * * *
An orc priest comes into view. It is wielding a +0 whip.
There are monsters nearby!
You are too injured to fight recklessly!
You are too injured to fight recklessly!
You tentacle-slap the orc warrior.
The orc warrior glows dangerously bright.
You squeeze the orc warrior, but do no damage.
The orc warrior is lightly wounded.
You constrict the orc warrior.
You feel sick. The orc misses you.
The orc warrior hits you with a +0 flail!
You die...

#....<.#......#########..##.
#......#......##....###..##.
#......#.............
#.....$#.............
#.....##........>...
#.....##............
#.....##.....##.....
#.o...##....)##.....
#.op................
#o...................
#....######...###.##. ######
##...####### #......#
#......# #......# ########


You could see an orc warrior (heavy contam), an orc priest and an orc.

Vanquished Creatures
  A water moccasin (D:6)
  An acid dragon (D:5)
  2 centaurs (D:6)
  5 hounds
  2 jellies
  A gnoll bouda (D:4)
  3 iguanas
  A sleepcap (D:4)
  Terence (D:2)
  Natasha (thrice) (D:2)
  Robin (D:2)
  9 gnolls
  10 adders
  A river rat (D:5)
  4 worms
  A dart slug (D:1)
  6 orcs
  8 ball pythons
  4 bats
  4 endoplasms
  7 giant cockroaches
  12 goblins
  12 hobgoblins
  8 quokkas
  5 frilled lizards
  9 kobolds
  9 rats
130 creatures vanquished.

Notes
Turn   | Place    | Note
-------+----------+-------------------------------------------
     0 | D:1      | Flugslaktarn the Octopode Shapeshifter began the quest for
                  | the Orb.
     0 | D:1      | Reached XP level 1. HP: 13/13 MP: 1/1
   110 | D:1      | Reached XP level 2. HP: 15/18 MP: 2/2
   413 | D:1      | Reached XP level 3. HP: 21/23 MP: 3/3
   557 | D:1      | Reached skill level 4 in Shapeshifting
   737 | D:2      | Noticed Terence
   743 | D:2      | HP: 1/21 [Terence/+0 flail of draining (1)]
   746 | D:2      | Killed Terence
   842 | D:2      | Reached XP level 4. HP: 23/28 MP: 4/4
   875 | D:2      | Noticed Robin
   883 | D:2      | Killed Robin
   953 | D:2      | Noticed Natasha
   959 | D:2      | Killed Natasha
   960 | D:2      | Reached skill level 5 in Shapeshifting
  1119 | D:2      | Noticed Natasha
  1125 | D:2      | Killed Natasha
  1126 | D:2      | Reached XP level 5. HP: 31/33 MP: 5/5
  1169 | D:2      | Noticed Natasha
  1178 | D:2      | Killed Natasha
  1886 | D:3      | Reached skill level 6 in Shapeshifting
  1919 | D:3      | Reached XP level 6. HP: 26/38 MP: 6/6
  2209 | D:3      | Identified the orb "Voodad" {guile, rCorr Int+2 Dex-3 SInv}
  2794 | D:4      | Found an ancient bone altar of Kikubaaqudgha.
  2847 | D:4      | Found a shimmering altar of Xom.
  2847 | D:4      | Found a hide-covered altar of Uskayaw.
  2847 | D:4      | Found a white marble altar of Elyvilon.
  2847 | D:4      | Found an opulent altar of Gozag.
  2847 | D:4      | Found a shadowy altar of Dithmenos.
  2847 | D:4      | Found a sparkling altar of Nemelex Xobeh.
  3125 | D:4      | Reached skill level 7 in Shapeshifting
  3290 | D:4      | Reached XP level 7. HP: 29/43 MP: 7/7
  3737 | D:5      | Entered Level 5 of the Dungeon
  3854 | D:5      | Found a blossoming altar of Fedhas.
  4624 | D:6      | Found a staircase to the Ecumenical Temple.
  4650 | Temple   | Entered the Ecumenical Temple
  4754 | D:6      | Reached XP level 8. HP: 32/52 MP: 8/8
  4895 | D:6      | HP: 1/52 [iguana (12)]
  5234 | D:6      | Slain by an orc warrior

Illustrated notes

Levels and vault maps discovered:
D:1:      spicycebolla_arrival_risky_transporter, layout_loops_ring
D:2:      layout_loops_ring, nicolae_elevator_lobby_asterisk, uniq_terence,
          uniq_robin, uniq_natasha
D:3:      layout_basic, chequers_serial_rivers_micro_e, nicolae_half_adder
D:4:      layout_loops_ring, pf_just_have_faith, grunt_temple_overflow_open
D:5:      layout_cave_pools, mainiacjoe_overflow_six_doors_small,
          portal_sewer_entry_e, minmay_splitting_lines
D:6:      layout_gridville, minmay_temple_entry_gardened_gates, nzn_random_ring
Temple:   hellmonk_temple_micro_hex

Skill      XL: |  1  2  3  4  5  6  7  8 |
---------------+-------------------------+-----
Shapeshifting  | 4 5 6 7 |  7.0
Fighting       | 3 |  3.9
Dodging        | 3 4 |  4.3
Unarmed Combat | 4 |  4.9

Action                     |  1- 3 |  4- 6 |  7- 9 || total
---------------------------+-------+-------+-------++-------
  Melee: Unarmed           |    47 |   139 |   101 ||   287
         Constrict         |    13 |    44 |    25 ||    82
         Tentacles         |     5 |    26 |    26 ||    57
         Punch             |     1 |     2 |       ||     3
  Evoke: Wand              |       |     3 |       ||     3
    Use: Scroll            |       |     6 |       ||     6
         Potion            |       |       |     3 ||     3
   Stab: Sleeping          |     8 |    12 |       ||    20
         Distracted        |       |     1 |       ||     1
 Armour: Skin              |    18 |    59 |    66 ||   143
  Dodge: Dodged            |    23 |    66 |    90 ||   179
   Form: Flux              |       |       |     1 ||     1

Table legend: (Time is in decaauts)
 A = Elapsed time spent in this place.
 B = Non-inter-level travel time spent in this place.
 C = Inter-level travel time spent in this place.
 D = Time resting spent in this place.
 E = Time spent auto-exploring this place.
 F = Levels seen in this place.
 G = Mean time per level.
                   A        B        C        D        E       F      G
               +--------+--------+--------+--------+--------+-----+--------+
         Total |   5215 |   5022 |    193 |    753 |   3394 |   7 |  745.0 |
       Dungeon |   5155 |   4962 |    193 |    753 |   3340 |   6 |  859.2 |
        Temple |     59 |     59 |      0 |      0 |     54 |   1 |   59.0 |
               +--------+--------+--------+--------+--------+-----+--------+

Top non-repeatable levels by time:
     D:2: 1128 daAuts
     D:4: 1029 daAuts
     D:3: 846 daAuts
     D:5: 807 daAuts
     D:1: 793 daAuts
     D:6: 550 daAuts
  Temple: 59 daAuts
